 Dungeon Crawl Stone Soup version 0.24-a0-232-g49d9ff8 (webtiles) character file.

Game seed: 13754343830796015007

116 Gunnerkreig the Sneak (level 5, -12/31 HPs)
             Began as an Octopode Wizard on Apr 5, 2019.
             Killed by nerve-wracking pain
             ... invoked by Grinder
              (14 damage)
             ... on level 3 of the Dungeon.
             The game lasted 00:05:19 (2644 turns).

Gunnerkreig the Sneak (Octopode Wizard)             Turns: 2644, Time: 00:05:19

Health: -12/31     AC:  1    Str:  7    XL:     5   Next: 0%
Magic:  9/9        EV: 16    Int: 21    God:
Gold:   181        SH:  0    Dex: 10    Spells: 1/10 levels left

rFire    . . .     SeeInvis .   k - +3 short sword (holy)
rCold    . . .     Gourm    .   (no shield)
rNeg     . . .     Faith    .   a - +0 hat
rPois    .         Spirit   .   (no amulet)
rElec    .         Reflect  .   e - ring of attention (curse)
rCorr    .         Harm     .   p - +3 ring of evasion
MR       .....                  (no ring)
Stlth    ++........             (no ring)
HPRegen  0.10/turn              (no ring)
MPRegen  0.11/turn              (no ring)
                                (no ring)
                                (no ring)

@: no status effects
A: almost no armour, stealthy swim, amphibious, 8 rings, constrict 8, camouflage
1, gelatinous body 1
a: no special abilities


You were on level 3 of the Dungeon.
You were not hungry.

You visited 1 branch of the dungeon, and saw 3 of its levels.

You collected 181 gold pieces.

Inventory:

Hand Weapons
 i - a +0 dagger
 k - a +3 short sword of holy wrath (weapon)
Missiles
 g - 107 stones (quivered)
 j - 32 sling bullets
Armour
 a - a +0 hat (worn)
Jewellery
 e - a cursed ring of attention (left tentacle)
 p - a +3 ring of evasion (right tentacle)
Scrolls
 h - 3 scrolls of fog
 o - a scroll of fear
Potions
 b - a potion of berserk rage {unknown}
 d - a potion of might
 f - a potion of flight
 l - 2 potions of agility {unknown}
 m - a potion of heal wounds {unknown}
 n - 2 potions of lignification {unknown}
Comestibles
 c - 4 rations


   Skills:
 - Level 2.0 Dodging
 + Level 4.5 Stealth
 - Level 3.0 Spellcasting
 * Level 3.8 Conjurations
 - Level 1.0 Summonings
   Level 1.0 Translocations


You had one spell level left.
You knew the following spells:

 Your Spells              Type           Power        Failure   Level  Hunger
a - Magic Dart            Conj           ###.         2%          1    None
b - Conjure Flame         Conj/Fire      ##......     19%         3    ###....
c - Mephitic Cloud        Conj/Pois/Air  #.......     24%         3    ###....
w - Call Imp              Summ           #.......     13%         2    ##.....

Your spell library contained the following spells:

 Spells                   Type           Power        Failure   Level  Hunger
 Blink                    Tloc           N/A          13%         2    ##.....
 Slow                     Hex            #.......     21%         2    ##.....


Dungeon Overview and Level Annotations

Branches:
Dungeon (3/15)

Altars:
Ashenzari
Elyvilon
Hepliaklqana
Makhleb
Xom
Yredelemnul
Zin

Annotations:
D:3 gold behind stone, Grinder


Innate Abilities, Weirdness & Mutations

You cannot wear most types of armour.
You are very stealthy in the water. (Stealth+)
You are amphibious.
You can wear up to eight rings at the same time.
You can use your tentacles to constrict eight enemies at once.
Your skin changes colour to match your surroundings (Stealth+).
Your rubbery body absorbs attacks. (AC +1, EV +1)


Message History

Grinder barely misses you.
You hit Grinder.
Grinder convulses.
You grab Grinder.
Grinder is severely wounded.
You constrict Grinder. Grinder hits you!
You writhe in agony.
You hit Grinder.
Grinder convulses.
Grinder is almost dead.
You constrict Grinder. Grinder hits you!
* * * LOW HITPOINT WARNING * * *
You writhe in agony.
* * * LOW HITPOINT WARNING * * *
You hit Grinder but do no damage.
Grinder is almost dead.
You constrict Grinder.
Grinder says, "I used to sell toenails on the black market."
Grinder gestures at you.
You barely resist.
You release your grip on Grinder.
Grinder gestures at you. Pain shoots through your body!
You die...

### ######## .. #......#
####### .# #.####.#
##.<...##.#####
##.####.#######.............#
#........#...........##.###.#
#..##......##..5@....# .#
#..##.#..#####.......# .#
#..##.#..# ##.###### ..
#.....#..# #.# ## #.
#........# #.# #. #..#####.#
##+# #. #..#####.# ##...##
#.## #........# ##.....##
###..# ##.##..#####.......##
##.##.#


You could see Grinder.

Vanquished Creatures
  A crimson imp (D:3)
  4 adders
  An ooze (D:2)
  A dart slug (D:1)
  A leopard gecko (D:2)
  An orc (D:3)
  A ball python (D:3)
  4 bats
  A giant cockroach (D:3)
  5 goblins
  5 hobgoblins
  4 kobolds
  A quokka (D:3)
  3 frilled lizards
  4 rats
37 creatures vanquished.

Notes
Turn   | Place    | Note
-------+----------+-------------------------------------------
     0 | D:1      | Gunnerkreig the Octopode Wizard began the quest for the
                  | Orb.
     0 | D:1      | Reached XP level 1. HP: 11/11 MP: 4/4
   171 | D:1      | Reached skill level 3 in Stealth
   250 | D:1      | Reached XP level 2. HP: 17/17 MP: 1/6
  1046 | D:2      | Found a hazy altar of Hepliaklqana.
  1046 | D:2      | Found a white marble altar of Elyvilon.
  1065 | D:2      | Reached XP level 3. HP: 21/21 MP: 2/7
  1224 | D:2      | Found a basalt altar of Yredelemnul.
  1339 | D:2      | Found a shattered altar of Ashenzari.
  1509 | D:2      | Reached skill level 4 in Stealth
  1635 | D:3      | Reached XP level 4. HP: 26/27 MP: 4/8
  1682 | D:3      | Learned a level 3 spell: Conjure Flame
  1686 | D:3      | Learned a level 3 spell: Mephitic Cloud
  1689 | D:3      | Learned a level 2 spell: Call Imp
  2403 | D:3      | Found a burning altar of Makhleb.
  2404 | D:3      | Found a shimmering altar of Xom.
  2417 | D:3      | Reached XP level 5. HP: 23/31 MP: 2/9
  2501 | D:3      | Found a glowing silver altar of Zin.
  2629 | D:3      | Noticed Grinder
  2644 | D:3      | Killed from afar by Grinder

Levels and vault maps discovered:
D:1:      ncdulo_watergridlock, layout_basic
D:2:      layout_rooms, grunt_temple_overflow_open, first_ration,
          minmay_stone_trees_medium
D:3:      layout_loops_corners, grunt_temple_overflow_champion_of_chaos,
          zin_treasury, lemuel_blue_sif_altar, uniq_grinder

Skill      XL: |  1  2  3 |
---------------+----------+-----
Stealth        | 3 4 |  4.5
Conjurations   | 2 3 |  3.8
Dodging        | |  2.0
Spellcasting   | |  3.0
Summonings     | |  1.0
Translocations | |  1.0

Action                   |  1- 3 |  4- 6 || total
-------------------------+-------+-------++-------
Melee: Dagger            |     8 |       ||     8
       Constrict         |     4 |     2 ||     6
       Short sword       |     6 |    26 ||    32
       Tentacles         |     1 |     1 ||     2
Throw: Stone             |     7 |       ||     7
 Cast: Magic Dart        |    51 |    26 ||    77
  Use: Scroll            |     2 |     6 ||     8
 Stab: Sleeping          |     1 |       ||     1
  Eat: Chunk             |     2 |     3 ||     5
Armor: Skin              |     3 |     1 ||     4
Dodge: Dodged            |     9 |    23 ||    32

Table legend:
 A = Non-vault XP
 B = Vault XP
 C = Vault XP percentage of total XP
 D = Non-vault monster count
 E = Vault monster count
 F = Vault count percentage of total count
                 A         B        C        D         E       F
            +---------+---------+-------+---------+---------+-------
      Total |     116 |      50 |  30.1 |      36 |       1 |   2.7
            +---------+---------+-------+---------+---------+-------
        D:1 |      25 |       0 |   0.0 |      14 |       0 |   0.0
        D:2 |      56 |       0 |   0.0 |      10 |       0 |   0.0
        D:3 |      35 |      50 |  58.8 |      12 |       1 |   7.7
            +---------+---------+-------+---------+---------+-------
